 Dungeon Crawl Stone Soup version 0.19.1 (webtiles) character file.

13965 sveltemanboy the Impaler (level 12, 0/94 HPs)
             Began as a Merfolk Ice Elementalist on Dec 4, 2016.
             Was the Champion of Okawaru.
             Slain by a 13-headed hydra (11 damage)
             ... on level 1 of the Lair of Beasts.
             The game lasted 00:42:28 (14409 turns).

sveltemanboy the Impaler (MfIE)                    Turns: 14409, Time: 00:42:29

Health: 0/94       AC: 16    Str:  9    XL:     12   Next: 11%
Magic:  0/15       EV: 20    Int: 18    God:    Okawaru [******]
Gold:   677        SH:  0    Dex: 16    Spells: 5 memorised, 5 levels left

rFire  . . .     SeeInvis .     l - +0 halberd (protect)
rCold  . . .     Gourm    .     E - +0 steam dragon scales
rNeg   . . .     Faith    .     (shield currently unavailable)
rPois  .         Spirit   +     F - +0 hat {Int+3}
rElec  .         Reflect  .     P - +0 cloak
rCorr  .         Harm     .     y - +1 pair of gloves
MR     .....                    a - +0 pair of boots
Stlth  ++........               o - amulet of guardian spirit
                                b - +2 ring of dexterity
                                w - +3 ring of evasion

@: protection aura, repel missiles
A: change form in water, swift swim, stealthy swim, dopey 2, regeneration 1,
robust 1, wild magic 2
a: Heroism, Finesse, Renounce Religion


You were on level 1 of the Lair of Beasts.
You worshipped Okawaru.
Okawaru was exalted by your worship.
You were not hungry.

You visited 3 branches of the dungeon, and saw 13 of its levels.

You collected 865 gold pieces.
You spent 188 gold pieces at shops.

Inventory:

Hand Weapons
 l - a +0 halberd of protection (weapon)
 q - a +0 trident
Missiles
 d - 252 stones (quivered)
Armour
 a - a +0 pair of boots (worn)
 t - a +2 shield
 y - a +1 pair of gloves (worn)
 E - +0 steam dragon scales (worn)
 F - a +0 hat of intelligence (worn)
 G - the +3 ring mail of Dasteuqus {*Contam rN++ Dex+5, unknown}
   (You found it on level 8 of the Dungeon)

   It affects your dexterity (+5).
   It greatly protects you from negative energy.
   It causes magical contamination when unequipped.
 P - a +0 cloak (worn)
Jewellery
 b - a +2 ring of dexterity (right hand)
 j - an uncursed ring of protection from magic
 o - an amulet of guardian spirit (around neck)
 w - a +3 ring of evasion (left hand)
Wands
 J - a wand of iceblast (0/15)
 L - a wand of iceblast (0/15)
 M - a wand of confusion (15/48)
 N - a wand of random effects (16/48)
 S - a wand of acid (0/15)
Scrolls
 h - 3 scrolls of recharging
 n - 3 scrolls of enchant armour
 A - 7 scrolls of enchant weapon
 C - 5 scrolls of remove curse
 D - a scroll of blinking {unknown}
 H - 2 scrolls of identify
 I - 4 scrolls of teleportation {unknown}
 K - 4 scrolls of magic mapping {unknown}
 O - a scroll of fog {unknown}
Potions
 e - 2 potions of magic
 f - 3 potions of might
 g - 2 potions of flight
 i - a potion of resistance
 m - a potion of berserk rage
 p - a potion of agility
 s - 3 potions of ambrosia
 u - 3 potions of heal wounds
 v - 3 potions of haste
 x - a potion of invisibility
 z - 5 potions of curing
 R - a potion of lignification {unknown}
Books
 r - a book of Minor Magic

   Spells                             Type                      Level
   a - Magic Dart                     Conjuration                  1
   b - Blink                          Translocation                2
   c - Call Imp                       Summoning                    2
   d - Repel Missiles                 Charms/Air                   2
   e - Slow                           Hexes                        2
   f - Conjure Flame                  Conjuration/Fire             3
   g - Mephitic Cloud                 Conjuration/Poison/Air       3
Comestibles
 c - 11 bread rations
 k - 7 meat rations
 B - 2 beef jerkies
 Q - 5 fruits
 T - 6 chunks of flesh


   Skills:
 - Level 5.3 Fighting
 - Level 16.0 Polearms
 + Level 1.8 Armour
 + Level 7.7 Dodging
 - Level 2.1 Stealth
 - Level 1.2 Shields
 - Level 2.0 Spellcasting
 - Level 1.0 Conjurations
 - Level 6.0 Charms
 + Level 5.0 Summonings
 - Level 10.0 Ice Magic
 - Level 1.0 Air Magic
 - Level 5.1 Invocations


You had 5 spell levels left.
You knew the following spells:

 Your Spells              Type           Power        Failure   Level  Hunger
a - Freeze                Ice            ####         2%          1    #......
b - Throw Frost           Conj/Ice       ####..       8%          2    ###....
c - Ozocubu's Armour      Chrm/Ice       #####...     6%          3    ###....
d - Repel Missiles        Chrm/Air       ###...       17%         2    ###....
e - Call Imp              Summ           ####....     10%         2    ###....


Dungeon Overview and Level Annotations

Branches:
Dungeon (11/15)            Temple (1/1) D:4            Lair (1/6) D:8
    Orc (0/2) D:11

Altars:
Ashenzari
Cheibriados
Dithmenos
Elyvilon
Fedhas
Gozag
Hepliaklqana
Kikubaaqudgha
Nemelex Xobeh
Okawaru
Qazlal
Ru
Sif Muna
Trog
Vehumet
Xom
Yredelemnul
Zin
The Shining One

Shops:
D:6 ?!!


Innate Abilities, Weirdness & Mutations

You revert to your normal form in water.
You are very nimble and swift while swimming.
You are very stealthy in the water. (Stealth+)
You are very dopey. (Int -4)
Your natural rate of healing is unusually fast.
You are robust. (+10% HP)
Your spells are harder to cast, but more powerful.


Message History

Some of the chunks of flesh in your inventory have rotted away.
You lop one of the ten-headed hydra's heads off!
The nine-headed hydra grows two more!
You hit the 11-headed hydra.
The 11-headed hydra is severely wounded.
The 11-headed hydra bites you. The 11-headed hydra bites you!
* * * LOW HITPOINT WARNING * * *
The 11-headed hydra barely misses you.
The 11-headed hydra bites you but does no damage. x3
The 11-headed hydra barely misses you. The 11-headed hydra bites you.
* * * LOW HITPOINT WARNING * * *
The 11-headed hydra misses you. The 11-headed hydra closely misses you.
The 11-headed hydra bites you but does no damage.
You lop one of the 11-headed hydra's heads off!
The ten-headed hydra grows two more!
You slash the 12-headed hydra!
The 12-headed hydra is severely wounded.
You chop one of the 12-headed hydra's heads off!
The 11-headed hydra grows two more!
You hit the 13-headed hydra.
The 13-headed hydra is severely wounded.
The 13-headed hydra misses you. The 13-headed hydra bites you!
You die...

## #....#.......#
###.####....#.......#
#....(##............#
#.....##....#.......+. #...
#.....##............P. #....
#...........#.......#. ##....
####'##P....#.........
#.#....##P##'##.............#
................@D..###+.####
...........[............ ..
......................... ..(
..........................
...
.......................... ..
#.#...###.#.#.......##.##. .
###...###.#####.....# ##
.'....##.....##.....#
.#....'......# ...


You could see a 13-headed hydra.

Vanquished Creatures
  2 hydras
  An unseen horror (D:10)
  3 hill giants (D:10)
  Pikel (D:8)
  The ghost of asdu the Cleaver, a novice DsBe of Trog (D:8)
  Joseph (D:9)
  A komodo dragon (Lair:1)
  A merfolk (D:9)
  2 two-headed ogres
  2 hippogriffs (D:9)
  A vampire (D:10)
  22 yaks
  2 steam dragons (D:7)
  A mottled dragon (D:11)
  Grum (D:8)
  A water moccasin (D:9)
  An orc warrior (D:10)
  2 ice beasts
  A sky beast (D:9)
  A black bear (D:9)
  2 centaurs
  9 wolves
  4 ogres
  3 crocodiles (Lair:1)
  2 big kobolds
  6 bullfrogs
  3 scorpions
  3 howler monkeys (D:11)
  7 crimson imps
  3 bullfrog zombies
  2 centaur zombies (D:6)
  4 hounds
  6 jellies
  8 orc priests
  7 orc wizards
  2 bullfrog skeletons
  2 centaur skeletons
  An iguana (D:10)
  4 worker ants
  2 hound zombies (D:5)
  A hound skeleton (D:9)
  10 adders
  19 gnolls
  A howler monkey skeleton (D:6)
  A shadow imp (D:10)
  2 oozes
  An adder skeleton (D:8)
  2 worms (D:3)
  2 dart slugs (D:1)
  6 leopard geckos
  43 orcs
  5 giant cockroaches
  7 hobgoblins
  15 jackals
  4 quokkas
  2 ball pythons
  10 bats
  4 frilled lizards
  5 goblins
  17 kobolds
  A quokka skeleton (D:6)
  8 rats
  A fungus (D:8)
  A plant (D:8)
296 creatures vanquished.

Vanquished Creatures (collateral kills)
  A yak (Lair:1)
1 creature vanquished.

Vanquished Creatures (others)
  2 slaves (D:9)
  A hound (D:11)
  An orc priest (D:11)
  An orc wizard (D:11)
  An adder (D:11)
  4 orcs
  6 fungi (D:8)
16 creatures vanquished.

Grand Total: 313 creatures vanquished

Notes
Turn   | Place    | Note
-------+----------+-------------------------------------------
     0 | D:1      | sveltemanboy the Merfolk Ice Elementalist began the quest for the Orb.
     0 | D:1      | Reached XP level 1. HP: 13/13 MP: 3/3
   518 | D:1      | Reached XP level 2. HP: 5/19 MP: 0/5
   747 | D:1      | Learned a level 2 spell: Throw Frost
  1332 | D:1      | Reached skill level 1 in Armour
  1438 | D:2      | Reached XP level 3. HP: 23/24 MP: 2/6
  1480 | D:2      | Learned a level 3 spell: Ozocubu's Armour
  1764 | D:2      | Reached XP level 4. HP: 30/30 MP: 4/7
  2050 | D:2      | Reached skill level 1 in Polearms
  2123 | D:2      | Reached skill level 5 in Ice Magic
  2233 | D:2      | Reached skill level 2 in Polearms
  2898 | D:3      | Reached XP level 5. HP: 34/35 MP: 8/8
  2901 | D:3      | Reached skill level 3 in Polearms
  3408 | D:3      | Reached skill level 1 in Conjurations
  3628 | D:3      | Reached skill level 4 in Polearms
  4336 | D:4      | Reached skill level 1 in Charms
  4370 | D:4      | Reached XP level 6. HP: 41/41 MP: 6/9
  4403 | D:4      | Reached skill level 5 in Polearms
  4495 | D:4      | Found a hazy altar of Hepliaklqana.
  5021 | D:4      | Found a staircase to the Ecumenical Temple.
  5036 | Temple   | Entered the Ecumenical Temple
  5057 | Temple   | Became a worshipper of Warmaster Okawaru
  5307 | D:5      | Entered Level 5 of the Dungeon
  5408 | D:5      | Reached skill level 6 in Polearms
  5581 | D:5      | Reached XP level 7. HP: 42/46 MP: 10/10
  5763 | D:5      | Reached skill level 7 in Polearms
  5829 | D:5      | Found a white marble altar of Elyvilon.
  6003 | D:5      | Found an iron altar of Okawaru.
  6205 | D:5      | Found a bloodstained altar of Trog.
  6257 | D:5      | Reached skill level 8 in Polearms
  6553 | D:6      | Reached * piety under Okawaru
  6618 | D:6      | Found a glowing silver altar of Zin.
  6737 | D:6      | Reached XP level 8. HP: 32/52 MP: 3/11
  6816 | D:6      | Reached skill level 9 in Polearms
  7192 | D:6      | Found Ziplilos's Magic Scroll Shoppe.
  7204 | D:6      | Reached skill level 1 in Shields
  7209 | D:6      | Bought a scroll of identify for 26 gold pieces
  7209 | D:6      | Bought a scroll of identify for 26 gold pieces
  7209 | D:6      | Bought a scroll of identify for 26 gold pieces
  7209 | D:6      | Bought a scroll of identify for 26 gold pieces
  7315 | D:6      | Found a shattered altar of Ashenzari.
  7423 | D:6      | Learned a level 2 spell: Repel Missiles
  7449 | D:6      | Found Ycada's Distillery.
  7454 | D:6      | Bought a potion of mutation for 35 gold pieces
  7454 | D:6      | Bought a potion of degeneration for 14 gold pieces
  7454 | D:6      | Bought a potion of mutation for 35 gold pieces
  7455 | D:6      | Gained mutation: Your spells are a little harder to cast, but a little more powerful. [potion of mutation]
  7455 | D:6      | Gained mutation: You are robust. (+10% HP) [potion of mutation]
  7455 | D:6      | Gained mutation: Your spells are harder to cast, but more powerful. [potion of mutation]
  7456 | D:6      | Gained mutation: You are dopey. (Int -2) [potion of mutation]
  7456 | D:6      | Gained mutation: You are very dopey. (Int -4) [potion of mutation]
  7456 | D:6      | Gained mutation: Your natural rate of healing is unusually fast. [potion of mutation]
  7498 | D:6      | Found a stormy altar of Qazlal.
  7572 | D:6      | Found Dowedgh's Distillery.
  7698 | D:6      | Reached skill level 1 in Invocations
  7999 | D:7      | Reached ** piety under Okawaru
  7999 | D:7      | Reached skill level 10 in Polearms
  8228 | D:7      | Found a blossoming altar of Fedhas.
  8316 | D:7      | Reached XP level 9. HP: 62/62 MP: 9/12
  8367 | D:7      | Reached skill level 11 in Polearms
  8645 | D:7      | Found a shimmering altar of Xom.
  8645 | D:7      | Found a stormy altar of Qazlal.
  8901 | D:8      | Noticed Grum
  8926 | D:8      | Killed Grum
  8961 | D:8      | Reached *** piety under Okawaru
  9089 | D:8      | Got a smelly ring mail
  9117 | D:8      | Found a staircase to the Lair.
  9333 | D:8      | Noticed asdu's ghost (novice DsBe)
  9366 | D:8      | Killed asdu's ghost
  9366 | D:8      | Reached skill level 12 in Polearms
  9425 | D:8      | Found a bloodstained altar of Trog.
  9443 | D:8      | Found a radiant altar of Vehumet.
  9694 | D:8      | Reached skill level 5 in Charms
  9836 | D:8      | Noticed a two-headed ogre
  9845 | D:8      | Killed a two-headed ogre
  9845 | D:8      | Reached **** piety under Okawaru
  9845 | D:8      | Reached skill level 1 in Fighting
  9845 | D:8      | Reached XP level 10. HP: 60/72 MP: 1/13
 10025 | D:9      | Noticed Pikel
 10100 | D:8      | Killed Pikel
 10206 | D:9      | Reached skill level 13 in Polearms
 10336 | D:9      | Found a shadowy altar of Dithmenos.
 10361 | D:9      | Reached ***** piety under Okawaru
 10369 | D:9      | Noticed Joseph
 10394 | D:9      | Killed Joseph
 10394 | D:9      | Received a gift from Okawaru
 10600 | D:9      | Reached skill level 5 in Fighting
 10600 | D:9      | Reached skill level 10 in Ice Magic
 10896 | D:9      | Reached skill level 14 in Polearms
 11335 | D:10     | Entered Level 10 of the Dungeon
 11466 | D:10     | Reached XP level 11. HP: 49/88 MP: 1/14
 11559 | D:10     | Noticed a hill giant
 11585 | D:10     | Killed a hill giant
 11585 | D:10     | Reached skill level 5 in Dodging
 11585 | D:10     | Reached skill level 5 in Invocations
 11702 | D:10     | Noticed a hill giant
 11717 | D:10     | Killed a hill giant
 12097 | D:10     | Noticed a seven-headed hydra
 12127 | D:10     | Killed a seven-headed hydra
 12127 | D:10     | Received a gift from Okawaru
 12362 | D:10     | Killed an unseen horror
 12362 | D:10     | Reached ****** piety under Okawaru
 12362 | D:10     | Reached skill level 15 in Polearms
 12454 | D:10     | Reached skill level 1 in Air Magic
 12467 | D:10     | Learned a level 2 spell: Call Imp
 12577 | D:10     | Reached skill level 1 in Summonings
 12627 | D:10     | Noticed a hill giant
 12636 | D:10     | Killed a hill giant
 13128 | D:11     | Found a staircase to the Orcish Mines.
 13855 | Lair:1   | Entered Level 1 of the Lair of Beasts
 14021 | Lair:1   | Noticed a four-headed hydra
 14035 | Lair:1   | Killed a four-headed hydra
 14166 | Lair:1   | Reached skill level 16 in Polearms
 14171 | Lair:1   | Reached XP level 12. HP: 80/94 MP: 11/15
 14248 | Lair:1   | Reached skill level 5 in Summonings
 14379 | Lair:1   | Noticed a six-headed hydra
 14409 | Lair:1   | Slain by a 13-headed hydra

Skill      XL: |  1  2  3  4  5  6  7  8  9 10 11 12 |
---------------+-------------------------------------+-----
Armour         | 1 |  1.8
Ice Magic      | 4 5 6 7 8 10 | 10.0
Polearms       | 2 4 6 8 10 12 14 16 | 16.0
Conjurations   | 1 |  1.0
Charms         | 1 5 6 |  6.0
Dodging        | 3 4 7 |  7.7
Shields        | 1 |  1.2
Invocations    | 4 5 |  5.1
Fighting       | 1 5 |  5.3
Air Magic      | 1 |  1.0
Summonings     | 4 5 |  5.0
Stealth        | |  2.1
Spellcasting   | |  2.0

Action                   |  1- 3 |  4- 6 |  7- 9 | 10-12 || total
-------------------------+-------+-------+-------+-------++-------
Melee: Unarmed           |    17 |       |       |    47 ||    64
       Trident           |       |   262 |   122 |       ||   384
       Halberd           |       |       |   293 |   755 ||  1048
Throw: Stone             |     5 |    18 |     2 |     6 ||    31
       Throwing net      |       |     1 |       |       ||     1
 Cast: Freeze            |    41 |    19 |    27 |    14 ||   101
       Throw Frost       |     4 |    34 |    36 |    30 ||   104
       Ozocubu's Armour  |       |     1 |     9 |    17 ||    27
       Call Imp          |       |       |       |     7 ||     7
       Repel Missiles    |       |       |       |     1 ||     1
Evoke: Wand              |       |       |       |    10 ||    10
  Use: Scroll            |     2 |     7 |     8 |     3 ||    20
       Potion            |       |     2 |     2 |     3 ||     7
 Stab: Sleeping          |       |     5 |     4 |     3 ||    12
       Distracted        |       |     1 |     1 |     1 ||     3
       Held in net/web   |       |     1 |       |       ||     1
  Eat: Chunk             |     4 |    14 |    19 |    21 ||    58
       Beef jerky        |       |       |       |     1 ||     1
Armor: Leather armour    |     8 |    47 |    45 |       ||   100
       Robe              |     1 |       |       |       ||     1
       Steam dragon scal |       |       |    77 |   256 ||   333
       Skin              |       |       |       |     3 ||     3
Dodge: Dodged            |    21 |   164 |   342 |   623 ||  1150
